Map: Overgrown Facility

Players

LingKing

  • Race: Zerg Zerg
  • League: Diamond
  • Spawn Location: 9:00

TIMBA

  • Race: Terran Terran
  • League: Master
  • Spawn Location: 7:00

IIIIIIIIIIII - Winner!

  • Race: Zerg Zerg
  • Spawn Location: 3:00

PaCTom - Winner!

  • Race: Zerg Zerg
  • League: Master
  • Spawn Location: 1:00

VOD

Have the link to the VOD?

Description

Time

  • Played on: Nov. 1, 2017, 9:26 a.m.
  • Length: 11:20
Show
View Real Time Build Order
Export as new Build Order

LingKing Zerg 

Build Orders: Pool First, Lurkers 

Get SALT Encoding   

  12  0:01  Drone  
  13  0:13  Overlord  
  13  0:24  Drone  
  14  0:32  Drone  
  14  0:33  Drone  
  16  0:40  Drone  
  17  0:46  Extractor  
  17  0:48  Drone  
  17  0:52  Spawning Pool  
  16  0:58  Drone  
  17  1:12  Drone  
  18  1:20  Drone  
  19  1:32  Hatchery  
  18  1:43  Roach Warren  
  17  1:49  Queen  
  19  1:57  Overlord  
  19  2:25  Queen  
  19  2:28  Roach  
  19  2:29  Roach x2  
  27  2:43  Overlord  
  27  3:06  Drone x6  
  27  3:11  Lair  
  33  3:14  Zergling x2  
  34  3:25  Drone x3  
  37  3:44  Hatchery  
  36  3:50  Extractor, Drone  
  36  3:51  Evolution Chamber  
  36  3:53  Drone  
  36  3:55  Drone  
  37  3:59  Drone  
  37  4:01  Drone  
  39  4:22  Pneumatized Carapace  
  39  4:26  Overlord  
  39  4:28  Overlord  
  39  4:33  Drone x5  
  39  4:36  Zerg Missile Weapons Level 1  
  44  4:41  Hydralisk Den  
  43  4:47  Drone x3  
  43  4:50  Drone  
  47  5:04  Overlord  
  47  5:09  Queen  
  47  5:12  Muscular Augments  
  49  5:15  Extractor x2  
  47  5:27  Drone  
  47  5:28  Drone x3  
  50  5:29  Drone x2  
  50  5:30  Overlord  
  50  5:31  Overlord  
  50  5:32  Drone  
  50  5:33  Drone  
  50  5:34  Drone  
  56  5:52  Drone  
  56  5:53  Drone x9  
  66  5:59  Hydralisk  
  66  6:00  Hydralisk  
  70  6:04  Hydralisk  
  70  6:10  Hydralisk  
  74  6:11  Hydralisk  
  76  6:27  Spore Crawler x2  
  76  6:30  Spore Crawler x2  
  76  6:32  Spore Crawler x2  
  70  6:35  Overlord x3  
  70  6:41  Lurker Den  
  70  6:48  Overlord x2  
  70  6:49  Overlord  
  70  6:50  Overlord  
  70  7:06  Zerg Missile Weapons Level 2  
  70  7:13  Hydralisk  
  70  7:14  Hydralisk x5  
  81  7:29  Hydralisk x5  
  91  7:38  Drone x2  
  91  7:39  Drone x2  
  95  7:58  Drone  
  96  8:03  Hydralisk x3, Hatchery  
  69  8:19  Lurker x2  
  65  8:20  Lurker x2, Hydralisk  
  65  8:21  Hydralisk x8  
  69  8:31  Lurker  
  40  8:50  Lurker x2  
  38  9:07  Hatchery  
  33  9:17  Hatchery  
Show
View Real Time Build Order
Export as new Build Order

TIMBA Terran 

Build Orders: Command Center First (CC), Mech 

Get SALT Encoding   

  12  0:00  SCV  
  13  0:12  SCV  
  14  0:18  Supply Depot  
  14  0:25  SCV  
  15  0:39  SCV  
  16  0:51  SCV  
  17  1:01  Command Center  
  17  1:05  SCV  
  18  1:18  SCV  
  18  1:22  Barracks  
  19  1:26  Refinery  
  19  1:30  SCV  
  19  1:32  Refinery  
  20  1:43  SCV  
  21  1:55  SCV  
  22  2:08  Orbital Command  
  22  2:09  Barracks Reactor  
  22  2:13  Orbital Command  
  22  2:24  Factory  
  22  2:34  SCV, Supply Depot  
  23  2:40  SCV  
  24  2:45  Marine  
  24  2:46  Marine  
  24  2:48  SCV  
  27  3:00  SCV  
  27  3:01  SCV  
  27  3:03  Command Center  
  29  3:11  Factory Reactor  
  29  3:12  SCV, Marine x2  
  32  3:13  SCV  
  33  3:26  SCV x2  
  35  3:34  Marine x2  
  35  3:38  SCV x2  
  39  3:43  Supply Depot  
  39  3:50  SCV x2  
  39  3:52  Marine x2  
  39  3:53  Hellion  
  45  4:00  Armory  
  45  4:02  SCV  
  46  4:03  Armory  
  46  4:05  SCV, Hellion  
  46  4:06  Supply Depot  
  49  4:10  Marine x2  
  49  4:14  SCV  
  49  4:15  Orbital Command, Refinery x2  
  52  4:18  SCV  
  53  4:26  SCV  
  53  4:30  SCV  
  53  4:31  Factory  
  55  4:32  Factory  
  56  4:38  SCV  
  56  4:42  SCV x2  
  58  4:48  Engineering Bay  
  58  4:49  Hellion x2  
  58  4:50  SCV  
  63  4:54  SCV, Terran Vehicle Weapons Level 1  
  63  4:57  Terran Vehicle And Ship Armor Level 1  
  63  4:58  SCV  
  65  5:03  SCV  
  65  5:06  SCV  
  67  5:07  Supply Depot  
  67  5:10  SCV  
  72  5:14  Hellion x2, Factory Tech Lab  
  72  5:15  SCV, Factory Tech Lab  
  73  5:23  Factory  
  73  5:26  Factory  
  73  5:27  Barracks Tech Lab  
  73  5:29  SCV  
  73  5:34  SCV, Supply Depot  
  75  5:35  Siege Tank  
  75  5:40  Orbital Command, Siege Tank  
  75  5:41  SCV  
  82  5:43  Hellion  
  84  5:51  SCV  
  84  5:56  Hellion  
  87  5:57  Supply Depot  
  87  6:08  Siege Tank  
  87  6:09  Hellion  
  92  6:12  Refinery  
  92  6:14  Refinery  
  92  6:16  SCV  
  93  6:18  SCV x2, Siege Tank  
  93  6:19  Hellion  
  100  6:27  Missile Turret  
  100  6:29  Starport  
  100  6:30  Missile Turret  
  100  6:32  Hi-Sec Auto Tracking  
  100  6:34  SCV  
  101  6:41  Missile Turret  
  101  6:51  Missile Turret  
  101  6:54  SCV x2, Thor  
  109  7:01  Thor  
  109  7:02  Hellion  
  109  7:06  Supply Depot  
  109  7:07  Supply Depot  
  117  7:19  Missile Turret  
  117  7:21  Terran Vehicle Weapons Level 2  
  117  7:22  Missile Turret, SCV x3, Hellion, Hellbat  
  124  7:26  Terran Vehicle And Ship Armor Level 2  
  124  7:27  Thor  
  130  7:31  Supply Depot  
  130  7:34  SCV, Supply Depot  
  130  7:40  Supply Depot  
  129  7:44  Thor  
  129  7:47  Starport Reactor  
  129  7:50  SCV  
  129  7:51  Missile Turret  
  135  7:59  Missile Turret  
  135  8:03  Siege Tank  
  135  8:04  Hellbat x3  
  144  8:10  Siege Tank, Building Armor  
  144  8:11  Hellbat  
  149  8:21  Missile Turret  
  149  8:40  Supply Depot  
  149  8:43  Supply Depot  
  149  8:45  Supply Depot  
  149  8:56  Missile Turret  
  149  8:58  Missile Turret  
  149  8:59  Command Center  
  148  9:20  Missile Turret  
  148  9:22  Supply Depot  
  148  9:23  SCV  
  149  9:24  Supply Depot  
  149  9:32  SCV  
  149  9:33  Viking x2  
  149  9:34  Thor  
  122  9:40  Hellbat x4, Thor  
  122  9:41  Hellbat  
  97  10:01  Thor  
  97  10:04  Viking x2, Hellbat x3  
  115  10:07  Hellbat  
  115  10:24  Siege Tank x2  
  121  10:33  Command Center  
  121  10:34  SCV x3, Viking  
  126  10:44  Siege Tank  
  125  10:53  Hellbat  
  125  10:54  Hellbat x3  
Show
View Real Time Build Order
Export as new Build Order

IIIIIIIIIIII Zerg - Winner!

Build Orders: Hatch First, Muta Ling Bane 

Get SALT Encoding   

  12  0:00  Drone  
  13  0:12  Overlord  
  13  0:18  Drone  
  14  0:32  Drone x2  
  14  0:35  Drone  
  17  0:54  Hatchery  
  17  0:56  Drone  
  17  1:00  Drone  
  18  1:10  Extractor  
  17  1:16  Spawning Pool  
  16  1:19  Drone  
  16  1:22  Drone  
  18  1:28  Drone  
  19  1:45  Overlord  
  19  1:51  Drone  
  20  2:02  Queen  
  20  2:03  Zergling x2  
  20  2:05  Queen  
  20  2:06  Zergling x2  
  26  2:11  Metabolic Boost  
  26  2:13  Drone  
  27  2:17  Drone  
  28  2:23  Drone  
  28  2:28  Drone  
  30  2:36  Drone  
  31  2:45  Drone x2  
  31  2:48  Hatchery  
  32  2:53  Overlord  
  32  2:57  Drone  
  33  3:02  Drone  
  33  3:05  Extractor  
  33  3:09  Drone  
  33  3:12  Drone x4  
  38  3:14  Overlord  
  38  3:16  Drone  
  39  3:20  Drone x2  
  41  3:30  Extractor  
  41  3:31  Extractor, Drone  
  40  3:35  Lair  
  40  3:44  Drone x6  
  46  3:57  Overlord x2  
  46  4:00  Queen  
  46  4:02  Drone  
  49  4:07  Drone x2  
  51  4:19  Drone  
  51  4:22  Drone x7  
  59  4:25  Drone  
  59  4:26  Drone  
  61  4:36  Spire, Drone  
  61  4:37  Drone  
  62  4:40  Drone x2  
  62  4:45  Drone x3  
  67  4:51  Drone x4  
  71  4:54  Overlord, Extractor  
  71  4:57  Extractor, Overlord  
  69  5:00  Drone x2  
  69  5:02  Drone  
  69  5:06  Drone x2  
  74  5:13  Overlord  
  73  5:14  Overlord  
  73  5:23  Overlord, Drone  
  73  5:24  Overlord  
  73  5:27  Hatchery  
  73  5:48  Mutalisk x8  
  73  5:49  Mutalisk x3  
  95  5:57  Mutalisk x3  
  95  6:03  Drone x5  
  106  6:11  Drone x3  
  108  6:20  Evolution Chamber x2  
  108  6:21  Baneling Nest  
  108  6:22  Drone  
  108  6:24  Zergling x2  
  108  6:25  Zergling x18  
  116  6:34  Drone  
  116  6:35  Drone  
  116  6:36  Infestation Pit  
  117  6:47  Zerg Melee Weapons Level 1, Zerg Ground Armor Level 1  
  117  6:50  Extractor, Queen, Drone x5  
  117  6:52  Overlord x4  
  117  6:53  Extractor  
  122  6:59  Drone x3  
  122  7:00  Drone x2  
  127  7:07  Overlord x3  
  127  7:19  Hive  
  127  7:20  Pathogen Glands  
  127  7:21  Burrow  
  127  7:24  Drone x3  
  127  7:25  Drone x6  
  136  7:42  Zergling x22  
  136  7:43  Centrifical Hooks  
  147  7:52  Zergling x2  
  147  7:53  Zergling x6  
  147  7:57  Hatchery  
  148  8:04  Hatchery  
  148  8:05  Baneling x8  
  147  8:06  Baneling x7  
  147  8:11  Zergling x12  
  147  8:12  Zergling x16  
  161  8:17  Zerg Flyer Weapons Level 1  
  159  8:47  Zergling x2  
  159  8:48  Zergling x40  
  176  8:51  Zerg Melee Weapons Level 2  
  176  8:52  Ultralisk Cavern, Zerg Ground Armor Level 2  
  176  8:53  Adrenal Glands  
  175  8:59  Zergling x8  
  175  9:00  Baneling x7  
  175  9:01  Baneling x22  
  179  9:16  Overlord x3  
  179  9:17  Overseer x2  
  179  9:18  Overseer  
  179  9:19  Pneumatized Carapace  
  169  9:31  Zergling x2  
  169  9:32  Zergling x38  
  146  9:42  Chitinous Plating  
  146  9:43  Ultralisk x2  
  135  9:49  Ultralisk  
  141  9:54  Ultralisk  
  141  9:57  Extractor  
  141  9:58  Ultralisk  
  152  10:00  Extractor, Baneling x5  
  152  10:01  Baneling x3  
  151  10:08  Ultralisk  
  151  10:11  Baneling x8  
  157  10:20  Ultralisk  
  163  10:22  Zergling x14  
  170  10:29  Zergling x14  
  177  10:39  Zergling x14  
  177  10:40  Zergling x8  
  172  10:52  Overlord x3  
  149  10:58  Zergling x8  
  149  10:59  Zergling x20  
Show
View Real Time Build Order
Export as new Build Order

PaCTom Zerg - Winner!

Build Orders: Hatch First 

Get SALT Encoding   

  12  0:00  Drone  
  13  0:12  Overlord  
  13  0:18  Drone  
  14  0:31  Drone x2  
  16  0:36  Drone  
  17  0:54  Hatchery  
  16  0:57  Drone  
  16  1:00  Drone  
  18  1:14  Spawning Pool  
  18  1:17  Drone  
  18  1:21  Extractor  
  18  1:22  Drone  
  18  1:28  Drone  
  19  1:39  Drone  
  20  1:49  Drone  
  21  2:04  Roach Warren, Queen  
  21  2:06  Queen  
  21  2:07  Drone  
  25  2:13  Drone x2  
  27  2:19  Overlord  
  27  2:23  Drone  
  28  2:33  Overlord  
  28  2:39  Drone x2  
  30  2:47  Roach  
  32  2:53  Roach  
  34  3:02  Roach x2  
  38  3:08  Roach  
  38  3:11  Roach  
  42  3:18  Hatchery  
  41  3:20  Drone x2  
  41  3:24  Overlord  
  43  3:29  Overlord  
  43  3:36  Lair  
  43  3:39  Drone  
  44  3:48  Drone  
  44  3:49  Drone x3  
  44  3:51  Drone  
  49  3:56  Evolution Chamber  
  49  3:58  Overlord  
  49  4:02  Drone  
  49  4:06  Extractor  
  49  4:07  Extractor  
  47  4:15  Drone  
  47  4:16  Drone  
  49  4:20  Drone x3  
  49  4:21  Drone  
  49  4:22  Zerg Missile Weapons Level 1  
  53  4:27  Roach  
  55  4:34  Queen  
  55  4:35  Drone  
  55  4:36  Drone x2  
  60  4:43  Overlord  
  60  4:44  Drone  
  60  4:45  Drone  
  62  4:47  Glial Reconstitution  
  62  4:51  Roach  
  64  4:56  Roach x2  
  64  4:59  Overlord  
  68  5:04  Roach  
  68  5:05  Roach  
  72  5:15  Roach  
  72  5:16  Roach x3  
  72  5:18  Overlord  
  80  5:24  Roach x2  
  84  5:30  Overlord  
  84  5:33  Extractor, Drone  
  84  5:34  Extractor, Drone x2  
  85  5:36  Drone  
  85  5:37  Drone  
  85  5:39  Drone  
  88  5:46  Overlord x2  
  88  5:52  Evolution Chamber  
  88  5:57  Drone x4  
  88  6:03  Drone x4  
  95  6:08  Roach  
  95  6:09  Roach  
  99  6:18  Roach  
  99  6:19  Roach x2  
  99  6:22  Drone  
  99  6:23  Drone x2  
  99  6:24  Drone  
  109  6:28  Zerg Missile Weapons Level 2  
  109  6:34  Zerg Ground Armor Level 1  
  109  6:48  Overlord  
  109  6:49  Overlord  
  109  6:51  Extractor  
  109  6:53  Infestation Pit  
  107  6:56  Drone, Hatchery  
  107  6:57  Drone x3  
  107  6:59  Drone  
  107  7:00  Drone  
  112  7:04  Overlord  
  112  7:06  Overlord  
  112  7:08  Overlord  
  112  7:11  Overlord  
  112  7:14  Roach  
  114  7:16  Roach  
  114  7:18  Roach  
  114  7:20  Roach  
  120  7:22  Ravager  
  120  7:23  Ravager x5  
  120  7:28  Drone x3  
  129  7:31  Pathogen Glands  
  129  7:37  Roach  
  129  7:38  Roach x2  
  129  7:39  Roach  
  137  7:46  Overseer  
  137  7:52  Roach x6  
  137  7:53  Roach  
  137  7:54  Overlord  
  141  8:14  Roach  
  141  8:15  Roach x8  
  155  8:20  Roach  
  155  8:21  Roach x5  
  165  8:31  Roach  
  165  8:32  Roach  
  165  8:33  Overlord  
  163  8:34  Overlord x3  
  163  8:51  Overlord x2  
  163  8:52  Overlord x2  
  163  8:53  Drone  
  163  8:54  Drone x3  
  163  8:55  Drone  
  168  8:57  Infestor  
  168  8:59  Pneumatized Carapace  
  168  9:02  Burrow  
  170  9:07  Roach  
  170  9:08  Roach x2  
  174  9:12  Roach x2  
  178  9:18  Ravager x4  
  178  9:19  Ravager x7  
  178  9:20  Roach  
  178  9:21  Roach x2  
  188  9:47  Overseer x2  
  190  9:52  Roach  
  190  9:53  Roach x5  
  200  10:14  Overlord  
  200  10:15  Overlord x5  
  200  10:22  Overlord x2  
  200  10:23  Overlord x3  
  200  10:29  Overlord  
  200  10:30  Overlord x4  
Tags
 
Add a new tag
Caveats
  • Supply blocks, unpowered buildings, or Contaminate may cause inaccurate times.
  • Supply counts are checked every 10 seconds.